 Dungeon Crawl Stone Soup version 0.29.1-12-g30fa7ad0bf (webtiles) character file.

Game seed: 8567969817933233527

83 kingsuperguy the Cudgeller (level 4, -3/60 HPs)
             Began as a Minotaur Berserker on Dec 17, 2022.
             Was a Believer of Trog.
             Slain by a gnoll
             ... wielding a +0 spear
              (4 damage)
             ... on level 2 of the Dungeon.
             The game lasted 00:02:00 (1949 turns).

kingsuperguy the Cudgeller (Minotaur Berserker)     Turns: 1949, Time: 00:02:01

Health: -3/60      AC:  9    Str: 23    XL:     4   Next: 22%
Magic:  3/3        EV:  8    Int:  4    God:    Trog [**....]
Gold:   42         SH:  0    Dex: 10    Spells: 3/3 levels left

rFire   . . .      SeeInvis .   a - +0 mace
rCold   . . .      Faith    .   (no shield)
rNeg    . . .      Spirit   .   c - +0 chain mail
rPois   .          Reflect  .   (helmet restricted)
rElec   .          Harm     .   (no cloak)
rCorr   .          Rampage  .   (no gloves)
Will    .....                   (no boots)
Stlth   ..........              (no amulet)
HPRegen 0.20/turn               (no ring)
MPRegen 0.08/turn               (no ring)

@: berserking, very quick
A: horns 2, retaliatory headbutt
a: Renounce Religion, Berserk, Trog's Hand


You were on level 2 of the Dungeon.
You worshipped Trog.
Trog was pleased with you.
You visited 1 branch of the dungeon, and saw 2 of its levels.

You collected 42 gold pieces.

Inventory:

Hand Weapons
 a - a +0 mace (weapon)
Armour
 b - a +0 animal skin
 c - a +0 chain mail (worn)
 j - a +3 leather armour
 k - a +0 ring mail
Jewellery
 e - a +6 ring of strength
 g - a +6 ring of intelligence
Scrolls
 h - a scroll of enchant armour {unknown}
 m - a scroll of amnesia {unknown}
 n - a scroll of teleportation {unknown}
 o - a scroll of brand weapon {unknown}
 p - 2 scrolls of identify {unknown}
Potions
 d - 2 potions of brilliance {unknown}
 f - a potion of haste {unknown}
 i - a potion of lignification {unknown}
 l - 2 potions of flight {unknown}


   Skills:
 + Level 4.1 Fighting
 + Level 4.9 Maces & Flails
 + Level 3.8 Armour
 + Level 2.3 Dodging


You had 3 spell levels left.
You didn't know any spells.
Your spell library was empty.

Dungeon Overview and Level Annotations

Branches:
Dungeon (2/15)

Altars:


Innate Abilities, Weirdness & Mutations

You have a pair of horns on your head.
You reflexively headbutt those who attack you in melee.


Message History

You kill the giant cockroach!
Trog accepts your kill.
HP restored.
You see here a +0 dagger.
Key pressed, stopping explore.
No target in view!
Key pressed, stopping explore.
No target in view!
No target in view!
Found a stone staircase leading up.
No target in view!
No target in view!
You see here a giant cockroach corpse. 4 gnolls come into view.
The gnoll shouts! x3
You completely miss the gnoll. The gnoll hits you with a +0 flail.
The gnoll hits you from afar with a +0 halberd.
You sock the gnoll!
The gnoll is heavily wounded.
The gnoll hits you with a +0 flail.
The gnoll hits you from afar with a +0 halberd.
The gnoll hits you from afar with a +0 halberd!
You hit the gnoll but do no damage. You headbutt the gnoll!
The gnoll is severely wounded.
The gnoll hits you with a +0 flail. The gnoll barely misses you.
The gnoll hits you from afar with a +0 halberd!
* * * LOW HITPOINT WARNING * * *
A red film seems to cover your vision as you go berserk!
You feel yourself moving faster!
You feel mighty! The gnoll hits you with a +0 flail!
* * * LOW HITPOINT WARNING * * *
The gnoll hits you but does no damage.
The gnoll hits you from afar with a +0 spear.
* * * LOW HITPOINT WARNING * * *
The gnoll hits you but does no damage.
You sock the gnoll!
You kill the gnoll!
Trog accepts your kill.
The gnoll hits you from afar with a +0 spear.
You die...

.###.##.##.# #.##.
##.## #.# # .##..#
###.###
#.###.###...... #..
#..##.##... ##..
##.#..##..#
#gg#####....##...#
#.##......)##..#..
#@g..#####.#..####
###### #†..## ##..##
###.>..###
#########...##...##
##...#.....######.##
##.........## #...
#...........# ###.
#...........# ##


You could see 3 gnolls.

Vanquished Creatures
  A gnoll (D:2)
  2 adders (D:2)
  A dart slug (D:1)
  4 endoplasms
  5 giant cockroaches
  6 goblins
  10 hobgoblins
  4 kobolds
  5 quokkas (D:1)
  6 ball pythons
  5 bats
  5 frilled lizards
  4 rats
58 creatures vanquished.

Notes
Turn   | Place    | Note
-------+----------+-------------------------------------------
     0 | D:1      | kingsuperguy the Minotaur Berserker began the quest for the
                  | Orb.
     0 | D:1      | Reached XP level 1. HP: 19/19 MP: 0/0
   362 | D:1      | Reached XP level 2. HP: 27/27 MP: 1/1
   997 | D:1      | Reached XP level 3. HP: 33/33 MP: 2/2
  1003 | D:1      | You fall into a shaft and drop 1 floor!
  1008 | D:2      | Reached ** piety under Trog
  1019 | D:2      | Found a faded altar of an unknown god.
  1780 | D:2      | Reached XP level 4. HP: 40/40 MP: 3/3
  1948 | D:2      | HP: 1/60 [gnoll/+0 spear (6)]
  1949 | D:2      | Slain by a gnoll

Illustrated notes

Levels and vault maps discovered:
D:1:      matt_arrival_grand_opening, layout_loops_ring, serial_aquarium,
          aquarium_bridge_square [aquarium_subvault_wall,
          aquarium_subvault_bridge, aquarium_subvault_window,
          aquarium_subvault_bridge], aquarium_bridge_square
          [aquarium_subvault_window, aquarium_subvault_balcony,
          aquarium_subvault_wall, aquarium_subvault_bridge], aquarium_window_2,
          aquarium_window_1, aquarium_view_2f, minmay_split_cup_small
D:2:      layout_rooms, shapermc_ecumenical_altar_acropolis, minmay_box_of_dots

Skill      XL: |  1  2 |
---------------+-------+-----
Maces & Flails | 4 |  4.9
Fighting       | 4 |  4.1
Armour         | 3 |  3.8
Dodging        | |  2.3

Action                   |  1- 3 |  4- 6 || total
-------------------------+-------+-------++-------
Melee: Mace              |   115 |    15 ||   130
       Headbutt          |     9 |     3 ||    12
       Punch             |     2 |     1 ||     3
Invok: Berserk           |       |     1 ||     1
Armor: Chain mail        |    74 |     5 ||    79
Dodge: Dodged            |    52 |     9 ||    61
